Workbook
Name D: [1]Hoja1!$A$2:$A$6
Name ExportarAExcel: #REF!
Name ExportarAExcel: #REF!

Sheet 2022 HW
A1: ID | B1: LONG | C1: Mayor | D1: Cuenta contable | E1: Nombre cuenta contable | F1: Clasificación EF 2022 | G1: Saldo Inicial 2021 | H1: Débito Moneda Local | I1: Crédito Moneda Local | J1: Saldo Final 2022
A2: 1 | B2: =LEN(D2) -> 8 | C2: =MID(D2,1,4) -> 1105 | D2: 11050501 | E2: CAJA GENERAL OFICINA | F2: Efectivo en caja | G2: 0 | H2: 2323700 | I2: 2323700 | J2: 0
A3: 2 | B3: =LEN(D3) -> 8 | C3: =MID(D3,1,4) -> 1105 | D3: 11050502 | E3: CAJA RECICLABLE | F3: Efectivo en caja | G3: 446675 | H3: 1125100 | I3: 343700 | J3: 1228075
A4: 3 | B4: =LEN(D4) -> 8 | C4: =MID(D4,1,4) -> 1105 | D4: 11051001 | E4: CAJA MENOR PRINCIPAL | F4: Efectivo en caja | G4: 1500000 | H4: 0 | I4: 0 | J4: 1500000
A5: 4 | B5: =LEN(D5) -> 8 | C5: =MID(D5,1,4) -> 1105 | D5: 11051002 | E5: CAJA MENOR AREA OPERACIONES | F5: Efectivo en caja | G5: 0 | H5: 1300000 | I5: 0 | J5: 1300000
A6: 5 | B6: =LEN(D6) -> 8 | C6: =MID(D6,1,4) -> 1110 | D6: 11100501 | E6: BANCOLOMBIA 58579378883 | F6: Efectivo en bancos - COP | G6: 1.8673135e+08 | H6: 1.125907e+10 | I6: 1.1445801e+10 | J6: 0
A7: 6 | B7: =LEN(D7) -> 8 | C7: =MID(D7,1,4) -> 1110 | D7: 11100502 | E7: BANCO BOGOTA 022045587 | F7: Efectivo en bancos - COP | G7: 41911701 | H7: 1.1721114e+09 | I7: 1.1966271e+09 | J7: 17396092
A8: 7 | B8: =LEN(D8) -> 8 | C8: =MID(D8,1,4) -> 1110 | D8: 11100503 | E8: BANCO CAJA SOCIAL 21002914823 | F8: Efectivo en bancos - COP | G8: 328041.83 | H8: 0 | I8: 0 | J8: 328041.83
A9: 8 | B9: =LEN(D9) -> 8 | C9: =MID(D9,1,4) -> 1110 | D9: 11100505 | E9: BANCO AV VILLAS 002359826 | F9: Efectivo en bancos - COP | G9: 219262.65 | H9: 0 | I9: 0 | J9: 219262.65
A10: 9 | B10: =LEN(D10) -> 8 | C10: =MID(D10,1,4) -> 1110 | D10: 11100508 | E10: BANCO BBVA 070005830 | F10: Efectivo en bancos - COP | G10: 32300184 | H10: 9.0635484e+08 | I10: 826326459 | J10: 1.1232857e+08
A11: 10 | B11: =LEN(D11) -> 8 | C11: =MID(D11,1,4) -> 1110 | D11: 11100509 | E11: BBVA CTA AHORROS FIJO 393280672 | F11: Efectivo en bancos - COP | G11: 0 | H11: 45000000 | I11: 45000000 | J11: 0
A12: 11 | B12: =LEN(D12) -> 8 | C12: =MID(D12,1,4) -> 1110 | D12: 11101001 | E12: CUENTA COMPENSACION BANCOLOMBIA PANAMA | F12: Efectivo en bancos - USD | G12: 17545171 | H12: 2.2109552e+11 | I12: 2.2068982e+11 | J12: 4.2324555e+08
A13: 12 | B13: =LEN(D13) -> 8 | C13: =MID(D13,1,4) -> 1120 | D13: 11200501 | E13: BANCOLOMBIA AHORROS 66850044946 | F13: Efectivo en bancos - COP | G13: 3737.82 | H13: 71105630 | I13: 71001031 | J13: 108337.23
... A475: 474 | B475: =LEN(D475) -> 8 | C475: =MID(D475,1,4) -> 9999 | D475: 99999999 | E475: CIERRE DE AÑO | F475: Ganancias y pérdidas | G475: 6.8244301e+08 | H475: 0 | I475: 0 | J475: 1.1306669e+09
G477: =SUBTOTAL(9,G1:G475) -> -5.8412552e-06 | H477: =SUBTOTAL(9,H1:H475) -> 8.6259761e+11 | I477: =SUBTOTAL(9,I1:I475) -> 8.6259761e+11 | J477: =SUBTOTAL(9,J1:J475) -> -1.2874603e-05
F479: Balance | G479: =SUM(G2:G210) -> 7.4505806e-07 | J479: =SUM(J2:J210) -> -2.8610229e-06
F480: Resultados | G480: =SUM(G211:G475) -> -5.8412552e-06 | J480: =SUM(J211:J475) -> -1.0967255e-05

Sheet HW NIIF
A3: CLASIFICACIÓN EF | B3: Etiquetas de fila | C3: Suma de Saldo Final 2022 | D3: Suma de Saldo Inicial 2021
A4: Efectivo | B4: Efectivo en caja | C4: 4028075 | D4: 1946675
A5: Efectivo | B5: Efectivo en bancos - COP | C5: 1.303803e+08 | D5: 2.6149428e+08
A6: Efectivo | B6: Efectivo en bancos - USD | C6: 4.2324555e+08 | D6: 17545171
A7: Cuentas comerciales por cobrar | B7: Cuentas comerciales por cobrar - nacionales | C7: 1.6671839e+09 | D7: 1.9842797e+09
A8: Cuentas comerciales por cobrar | B8: Cuentas comerciales por cobrar - del exterior | C8: 0 | D8: 0
A9: Cuentas comerciales por cobrar LP | B9: Cuentas comerciales por cobrar - nacionales LP | C9: 0 | D9: 0
A10: Otras cuentas por cobrar | B10: Otras cuentas por cobrar - anticipos a proveedores | C10: 1.0356141e+08 | D10: 4.6527135e+08
A11: Otras cuentas por cobrar | B11: Otras cuentas por cobrar - préstamos a empleados | C11: 2981720 | D11: 1200000
A12: Otras cuentas por cobrar | B12: Otras cuentas por cobrar - otros | C12: 2766667 | D12: 3000386
A13: Otras cuentas por cobrar | B13: Otras cuentas por cobrar - procedentes de impuestos | C13: 2408000 | D13: 0
A14: Activos por impuestos corrientes | B14: Activos por impuestos corrientes | C14: 125336000 | D14: 0
A15: Inventarios | B15: Inventario - materia prima | C15: 2621974063 | D15: 1.4625979e+09
... A112: Gasto por impuesto sobre la renta | B112: IRT - Corriente | C112: 763398000 | D112: 487132000
B113: Ganancias y pérdidas | C113: 1.1306669e+09 | D113: 6.8244301e+08
A114: Cuentas por cobrar a partes relacionadas | B114: Cuentas por cobrar a partes relacionadas | C114: 84882000 | D114: 0
B115: Total general | C115: -4.7683716e-06 | D115: 0

Sheet EST FIN
A1: EJEMPLO SAS | I1: EJEMPLO SAS | Q1: EJEMPLO SAS | Y1: EJEMPLO SAS
A3: ESTADO DE SITUACIÓN FINANCIERA | I3: ESTADO DE SITUACIÓN FINANCIERA | Q3: ESTADO DE SITUACIÓN FINANCIERA | Y3: ESTADO DE SITUACIÓN FINANCIERA
A4: AL 1 DE ENERO DE 2020 | I4: AL 31 DE DICIEMBRE DE 2020 | Q4: AL 31 DE DICIEMBRE DE 2021 | Y4: AL 31 DE DICIEMBRE DE 2022
A5: (Cifras en pesos colombianos - COP) | F5: Re-expresado | I5: (Cifras en pesos colombianos - COP) | N5: Re-expresado | Q5: (Cifras en pesos colombianos - COP) | Y5: (Cifras en pesos colombianos - COP)
A7: ACTIVOS | I7: ACTIVOS | Q7: ACTIVOS | Y7: ACTIVOS
A9: ACTIVOS CORRIENTES | I9: ACTIVOS CORRIENTES | Q9: ACTIVOS CORRIENTES | Y9: ACTIVOS CORRIENTES
A11: Efectivo | F11: 19953533 | I11: Efectivo | N11: 577888195 | O11: =N11-F11 -> 557934662 | Q11: Efectivo | V11: =ROUND(SUMIF('HW NIIF'!A:D,Q11,'HW NIIF'!D:D),0) -> 280986124 | W11: =V11-N11 -> -296902071 | Y11: Efectivo | AD11: =ROUND(SUMIF('HW NIIF'!A:D,Y11,'HW NIIF'!C:C),0) -> 557653929 | AE11: =AD11-V11 -> 276667805
A12: Cuentas comerciales por cobrar | F12: 1305055323 | I12: Cuentas comerciales por cobrar | N12: 1103205805 | O12: =N12-F12 -> -201849518 | Q12: Cuentas comerciales por cobrar | V12: =ROUND(SUMIF('HW NIIF'!A:D,Q12,'HW NIIF'!D:D),0) -> 1984279720 | W12: =V12-N12 -> 881073915 | Y12: Cuentas comerciales por cobrar | AD12: =ROUND(SUMIF('HW NIIF'!A:D,Y12,'HW NIIF'!C:C),0) -> 1667183935 | AE12: =AD12-V12 -> -317095785
A13: Otras cuentas por cobrar | F13: 150444449 | I13: Otras cuentas por cobrar | N13: 474710166 | O13: =N13-F13 -> 324265717 | Q13: Otras cuentas por cobrar | V13: =ROUND(SUMIF('HW NIIF'!A:D,Q13,'HW NIIF'!D:D),0) -> 469471737 | W13: =V13-N13 -> -5238429 | Y13: Otras cuentas por cobrar | AD13: =ROUND(SUMIF('HW NIIF'!A:D,Y13,'HW NIIF'!C:C),0) -> 111717793 | AE13: =AD13-V13 -> -357753944
A14: Cuentas por cobrar a partes relacionadas | F14: 0 | I14: Cuentas por cobrar a partes relacionadas | N14: 0 | O14: =N14-F14 -> 0 | Q14: Cuentas por cobrar a partes relacionadas | V14: =ROUND(SUMIF('HW NIIF'!A:D,Q14,'HW NIIF'!D:D),0) -> 0 | W14: =V14-N14 -> 0 | Y14: Cuentas por cobrar a partes relacionadas | AD14: =ROUND(SUMIF('HW NIIF'!A:D,Y14,'HW NIIF'!C:C),0) -> 84882000 | AE14: =AD14-V14 -> 84882000
A15: Activos por impuestos corrientes | F15: 0 | I15: Activos por impuestos corrientes | N15: 0 | O15: =N15-F15 -> 0 | Q15: Activos por impuestos corrientes | V15: =ROUND(SUMIF('HW NIIF'!A:D,Q15,'HW NIIF'!D:D),0) -> 0 | W15: =V15-N15 -> 0 | Y15: Activos por impuestos corrientes | AD15: =ROUND(SUMIF('HW NIIF'!A:D,Y15,'HW NIIF'!C:C),0) -> 125336000 | AE15: =AD15-V15 -> 125336000
A16: Inventarios | F16: 2490116688 | I16: Inventarios | N16: 1933516203 | O16: =N16-F16 -> -556600485 | Q16: Inventarios | V16: =ROUND(SUMIF('HW NIIF'!A:D,Q16,'HW NIIF'!D:D),0) -> 1664211578 | W16: =V16-N16 -> -269304625 | Y16: Inventarios | AD16: =ROUND(SUMIF('HW NIIF'!A:D,Y16,'HW NIIF'!C:C),0)+1 -> 4066897219 | AE16: =AD16-V16 -> 2402685641
A18: TOTAL ACTIVOS CORRIENTES | F18: =SUM(F11:F17) -> 3965569993 | I18: TOTAL ACTIVOS CORRIENTES | N18: =SUM(N11:N17) -> 4089320369 | Q18: TOTAL ACTIVOS CORRIENTES | V18: =SUM(V11:V17) -> 4398949159 | Y18: TOTAL ACTIVOS CORRIENTES | AD18: =SUM(AD11:AD17) -> 6613670876
A20: ACTIVOS NO CORRIENTES | I20: ACTIVOS NO CORRIENTES | Q20: ACTIVOS NO CORRIENTES | Y20: ACTIVOS NO CORRIENTES
A22: Cuentas comerciales por cobrar LP | F22: 45739362 | I22: Cuentas comerciales por cobrar LP | N22: 92588639 | O22: =N22-F22 -> 46849277 | Q22: Cuentas comerciales por cobrar LP | V22: =ROUND(SUMIF('HW NIIF'!A:D,Q22,'HW NIIF'!D:D),0) -> 0 | W22: =V22-N22 -> -92588639 | Y22: Cuentas comerciales por cobrar LP | AD22: =ROUND(SUMIF('HW NIIF'!A:D,Y22,'HW NIIF'!C:C),0) -> 0 | AE22: =AD22-V22 -> 0
A23: Propiedades, planta y equipo | F23: 1842029518 | I23: Propiedades, planta y equipo | N23: 1755332603 | O23: =N23-F23 -> -86696915 | Q23: Propiedades, planta y equipo | V23: =ROUND(SUMIF('HW NIIF'!A:D,Q23,'HW NIIF'!D:D),0) -> 1732041190 | W23: =V23-N23 -> -23291413 | Y23: Propiedades, planta y equipo | AD23: =ROUND(SUMIF('HW NIIF'!A:D,Y23,'HW NIIF'!C:C),0) -> 2290381595 | AE23: =AD23-V23 -> 558340405
A24: Activos intangibles | F24: 135064513 | I24: Activos intangibles | N24: 120057345 | O24: =N24-F24 -> -15007168 | Q24: Activos intangibles | V24: =ROUND(SUMIF('HW NIIF'!A:D,Q24,'HW NIIF'!D:D),0) -> 105050181 | W24: =V24-N24 -> -15007164 | Y24: Activos intangibles | AD24: =ROUND(SUMIF('HW NIIF'!A:D,Y24,'HW NIIF'!C:C),0) -> 90043017 | AE24: =AD24-V24 -> -15007164
A26: TOTAL ACTIVOS NO CORRIENTES | F26: =SUM(F22:F25) -> 2022833393 | I26: TOTAL ACTIVOS NO CORRIENTES | N26: =SUM(N22:N25) -> 1967978587 | Q26: TOTAL ACTIVOS NO CORRIENTES | V26: =SUM(V22:V25) -> 1837091371 | Y26: TOTAL ACTIVOS NO CORRIENTES | AD26: =SUM(AD22:AD25) -> 2380424612
A28: TOTAL DE ACTIVOS | F28: =SUM(F18,F26) -> 5988403386 | I28: TOTAL DE ACTIVOS | N28: =SUM(N18,N26) -> 6057298956 | Q28: TOTAL DE ACTIVOS | V28: =SUM(V18,V26) -> 6236040530 | Y28: TOTAL DE ACTIVOS | AD28: =SUM(AD18,AD26) -> 8994095488
A30: PASIVOS | I30: PASIVOS | Q30: PASIVOS | Y30: PASIVOS
A32: PASIVOS CORRIENTES | I32: PASIVOS CORRIENTES | Q32: PASIVOS CORRIENTES | Y32: PASIVOS CORRIENTES
A34: Obligaciones financieras | F34: 649079273 | I34: Obligaciones financieras | N34: 3.3867076e+08 | O34: =F34-N34 -> 3.1040851e+08 | Q34: Obligaciones financieras | V34: =-ROUND(SUMIF('HW NIIF'!A:D,Q34,'HW NIIF'!D:D),0) -> 634189938 | W34: =N34-V34 -> -2.9551917e+08 | Y34: Obligaciones financieras | AD34: =-ROUND(SUMIF('HW NIIF'!A:D,Y34,'HW NIIF'!C:C),0) -> 1702473773 | AE34: =V34-AD34 -> -1068283835
A35: Cuentas comerciales por pagar | F35: 1175383678 | I35: Cuentas comerciales por pagar | N35: 949481875 | O35: =F35-N35 -> 225901803 | Q35: Cuentas comerciales por pagar | V35: =-ROUND(SUMIF('HW NIIF'!A:D,Q35,'HW NIIF'!D:D),0) -> 798335232 | W35: =N35-V35 -> 151146643 | Y35: Cuentas comerciales por pagar | AD35: =-ROUND(SUMIF('HW NIIF'!A:D,Y35,'HW NIIF'!C:C),0) -> 797554079 | AE35: =V35-AD35 -> 781153
A36: Otras cuentas por pagar | F36: 693477325 | I36: Otras cuentas por pagar | N36: 558074871 | O36: =F36-N36 -> 135402454 | Q36: Otras cuentas por pagar | V36: =-ROUND(SUMIF('HW NIIF'!A:D,Q36,'HW NIIF'!D:D),0) -> 453670641 | W36: =N36-V36 -> 104404230 | Y36: Otras cuentas por pagar | AD36: =-ROUND(SUMIF('HW NIIF'!A:D,Y36,'HW NIIF'!C:C),0) -> 544457764 | AE36: =V36-AD36 -> -90787123
A37: Pasivos por impuestos corrientes - | F37: 263855000 | I37: Pasivos por impuestos corrientes - | N37: 285753000 | O37: =F37-N37 -> -21898000 | Q37: Pasivos por impuestos corrientes - | V37: =-ROUND(SUMIF('HW NIIF'!A:D,Q37,'HW NIIF'!D:D),0) -> 184573000 | W37: =N37-V37 -> 101180000 | Y37: Pasivos por impuestos corrientes - | AD37: =-ROUND(SUMIF('HW NIIF'!A:D,Y37,'HW NIIF'!C:C),0) -> 518371000 | AE37: =V37-AD37 -> -333798000
A39: TOTAL PASIVOS CORRIENTES | F39: =SUM(F34:F38) -> 2781795276 | I39: TOTAL PASIVOS CORRIENTES | N39: =SUM(N34:N38) -> 2.1319805e+09 | Q39: TOTAL PASIVOS CORRIENTES | V39: =SUM(V34:V38) -> 2070768811 | Y39: TOTAL PASIVOS CORRIENTES | AD39: =SUM(AD34:AD38) -> 3562856616
A41: PASIVOS NO CORRIENTES | I41: PASIVOS NO CORRIENTES | Q41: PASIVOS NO CORRIENTES | Y41: PASIVOS NO CORRIENTES
A43: Obligaciones financieras LP | F43: 1318201724 | I43: Obligaciones financieras LP | N43: 1.4903484e+09 | O43: =F43-N43 -> -1.7214672e+08 | Q43: Obligaciones financieras LP | V43: =-ROUND(SUMIF('HW NIIF'!A:D,Q43,'HW NIIF'!D:D),0) -> 1234344063 | W43: =N43-V43 -> 2.5600438e+08 | Y43: Obligaciones financieras LP | AD43: =-ROUND(SUMIF('HW NIIF'!A:D,Y43,'HW NIIF'!C:C),0) -> 1370668512 | AE43: =V43-AD43 -> -136324449
A44: Cuentas por pagar a partes relacionadas LP - | F44: 366511300 | I44: Cuentas por pagar a partes relacionadas LP - | N44: 187509564 | O44: =F44-N44 -> 179001736 | Q44: Cuentas por pagar a partes relacionadas LP - | V44: =-ROUND(SUMIF('HW NIIF'!A:D,Q44,'HW NIIF'!D:D),0) -> 1024203 | W44: =N44-V44 -> 186485361 | Y44: Cuentas por pagar a partes relacionadas LP - | AD44: =-ROUND(SUMIF('HW NIIF'!A:D,Y44,'HW NIIF'!C:C),0) -> 0 | AE44: =V44-AD44 -> 1024203
A46: TOTAL PASIVOS NO CORRIENTES | F46: =SUM(F43:F45) -> 1684713024 | I46: TOTAL PASIVOS NO CORRIENTES | N46: =SUM(N43:N45) -> 1.677858e+09 | Q46: TOTAL PASIVOS NO CORRIENTES | V46: =SUM(V43:V45) -> 1235368266 | Y46: TOTAL PASIVOS NO CORRIENTES | AD46: =SUM(AD43:AD45) -> 1370668512
A48: TOTAL DE PASIVOS | F48: =SUM(F39,F46) -> 4466508300 | I48: TOTAL DE PASIVOS | N48: =SUM(N39,N46) -> 3809838517 | Q48: TOTAL DE PASIVOS | V48: =SUM(V39,V46) -> 3306137077 | Y48: TOTAL DE PASIVOS | AD48: =SUM(AD39,AD46) -> 4933525128
A50: PATRIMONIO | I50: PATRIMONIO | Q50: PATRIMONIO | Y50: PATRIMONIO
A52: Capital suscrito y pagado - | F52: 600000000 | I52: Capital suscrito y pagado - | N52: 600000000 | O52: =F52-N52 -> 0 | Q52: Capital suscrito y pagado - | V52: =-ROUND(SUMIF('HW NIIF'!A:D,Q52,'HW NIIF'!D:D),0) -> 600000000 | W52: =N52-V52 -> 0 | Y52: Capital suscrito y pagado - | AD52: =-ROUND(SUMIF('HW NIIF'!A:D,Y52,'HW NIIF'!C:C),0) -> 2100000000 | AE52: =V52-AD52 -> -1500000000
A53: Reservas - | F53: 169378297 | I53: Reservas - | N53: 205183329 | O53: =F53-N53 -> -35805032 | Q53: Reservas - | V53: =-ROUND(SUMIF('HW NIIF'!A:D,Q53,'HW NIIF'!D:D),0) -> 273427630 | W53: =N53-V53 -> -68244301 | Y53: Reservas - | AD53: =-ROUND(SUMIF('HW NIIF'!A:D,Y53,'HW NIIF'!C:C),0) -> 273427630 | AE53: =V53-AD53 -> 0
A54: Resultados acumulados - | F54: 752516789 | I54: Resultados acumulados - | N54: 1442277110 | O54: =F54-N54 -> -689760321 | Q54: Resultados acumulados - | V54: =-ROUND(SUMIF('HW NIIF'!A:D,Q54,'HW NIIF'!D:D),0)-1 -> 2056475823 | W54: =N54-V54 -> -614198713 | Y54: Resultados acumulados - | AD54: =-ROUND(SUMIF('HW NIIF'!A:D,Y54,'HW NIIF'!C:C),0) -> 1687142730 | AE54: =V54-AD54 -> 369333093
A56: PATRIMONIO TOTAL | F56: =SUM(F52:F55) -> 1521895086 | I56: PATRIMONIO TOTAL | N56: =SUM(N52:N55) -> 2247460439 | Q56: PATRIMONIO TOTAL | V56: =SUM(V52:V55) -> 2929903453 | Y56: PATRIMONIO TOTAL | AD56: =SUM(AD52:AD55) -> 4060570360
A58: TOTAL DE PASIVOS Y PATRIMONIO | F58: =SUM(F48,F56) -> 5988403386 | I58: TOTAL DE PASIVOS Y PATRIMONIO | N58: =SUM(N48,N56) -> 6057298956 | Q58: TOTAL DE PASIVOS Y PATRIMONIO | V58: =SUM(V48,V56) -> 6236040530 | Y58: TOTAL DE PASIVOS Y PATRIMONIO | AD58: =SUM(AD48,AD56) -> 8994095488
E60: Diferencia | F60: =F28-F58 -> 0 | M60: Diferencia | N60: =N28-N58 -> 0 | U60: Diferencia | V60: =V28-V58 -> 0 | AC60: Diferencia | AD60: =AD28-AD58 -> 0
A63: EJEMPLO SAS | I63: EJEMPLO SAS | Q63: EJEMPLO SAS | Y63: EJEMPLO SAS
A65: ESTADO DE RESULTADOS | I65: ESTADO DE RESULTADOS | Q65: ESTADO DE RESULTADOS | Y65: ESTADO DE RESULTADOS
A66: POR EL PERIODO TERMINADO EL 31 DE DICIEMBRE DE 2019 | I66: POR EL PERIODO TERMINADO EL 31 DE DICIEMBRE DE 2020 | Q66: POR EL PERIODO TERMINADO EL 31 DE DICIEMBRE DE 2021 | Y66: POR EL PERIODO TERMINADO EL 31 DE DICIEMBRE DE 2022
A67: (Cifras en pesos colombianos - COP) | F67: Re-expresado | I67: (Cifras en pesos colombianos - COP) | N67: Re-expresado | Q67: (Cifras en pesos colombianos - COP) | Y67: (Cifras en pesos colombianos - COP)
A69: Ingresos de actividades ordinarias | F69: 6833566056 | I69: Ingresos de actividades ordinarias | N69: 5759819757 | Q69: Ingresos de actividades ordinarias | V69: =-ROUND(SUMIF('HW NIIF'!A:D,Q69,'HW NIIF'!D:D),0) -> 9006581907 | Y69: Ingresos de actividades ordinarias | AD69: =-ROUND(SUMIF('HW NIIF'!A:D,Y69,'HW NIIF'!C:C),0) -> 10893822279
A70: Costos de ventas de bienes | F70: -4473048367 | I70: Costos de ventas de bienes | N70: -3321292837 | Q70: Costos de ventas de bienes | V70: =-ROUND(SUMIF('HW NIIF'!A:D,Q70,'HW NIIF'!D:D),0) -> -5068683318 | Y70: Costos de ventas de bienes | AD70: =-ROUND(SUMIF('HW NIIF'!A:D,Y70,'HW NIIF'!C:C),0) -> -6220105789
A72: Utilidad bruta | F72: =SUM(F69:F70) -> 2360517689 | I72: Utilidad bruta | N72: =SUM(N69:N70) -> 2438526920 | Q72: Utilidad bruta | V72: =SUM(V69:V70) -> 3937898589 | Y72: Utilidad bruta | AD72: =SUM(AD69:AD70) -> 4673716490
A74: Gastos de administración | F74: -1022710915 | I74: Gastos de administración | N74: -678027575 | Q74: Gastos de administración | V74: =-ROUND(SUMIF('HW NIIF'!A:D,Q74,'HW NIIF'!D:D),0) -> -702501847 | Y74: Gastos de administración | AD74: =-ROUND(SUMIF('HW NIIF'!A:D,Y74,'HW NIIF'!C:C),0) -> -1114246749
A75: Gastos de ventas | F75: -451487128 | I75: Gastos de ventas | N75: -440223569 | Q75: Gastos de ventas | V75: =-ROUND(SUMIF('HW NIIF'!A:D,Q75,'HW NIIF'!D:D),0) -> -1464871679 | Y75: Gastos de ventas | AD75: =-ROUND(SUMIF('HW NIIF'!A:D,Y75,'HW NIIF'!C:C),0) -> -1138831596
A77: Utilidad de operación | F77: =SUM(F72:F75) -> 886319646 | I77: Utilidad de operación | N77: =SUM(N72:N75) -> 1320275776 | Q77: Utilidad de operación | V77: =SUM(V72:V75) -> 1770525063 | Y77: Utilidad de operación | AD77: =SUM(AD72:AD75) -> 2420638145
A79: Otros ingresos de operación | F79: 32075130 | I79: Otros ingresos de operación | N79: 61974870 | Q79: Otros ingresos de operación | V79: =-ROUND(SUMIF('HW NIIF'!A:D,Q79,'HW NIIF'!D:D),0) -> 101827305 | Y79: Otros ingresos de operación | AD79: =-ROUND(SUMIF('HW NIIF'!A:D,Y79,'HW NIIF'!C:C),0) -> 8584132
A80: Otros gastos de operación | F80: -211813036 | I80: Otros gastos de operación | N80: -189242123 | Q80: Otros gastos de operación | V80: =-ROUND(SUMIF('HW NIIF'!A:D,Q80,'HW NIIF'!D:D),0) -> -299721979 | Y80: Otros gastos de operación | AD80: =-ROUND(SUMIF('HW NIIF'!A:D,Y80,'HW NIIF'!C:C),0) -> -197522233
A81: Costos financieros | F81: -403825980 | I81: Costos financieros | N81: -309196314 | Q81: Costos financieros | V81: =-ROUND(SUMIF('HW NIIF'!A:D,Q81,'HW NIIF'!D:D),0) -> -450731658 | Y81: Costos financieros | AD81: =-ROUND(SUMIF('HW NIIF'!A:D,Y81,'HW NIIF'!C:C),0) -> -315311660
A82: Ingresos financieros | F82: 1580 | I82: Ingresos financieros | N82: 69539 | Q82: Ingresos financieros | V82: =-ROUND(SUMIF('HW NIIF'!A:D,Q82,'HW NIIF'!D:D),0) -> 312492 | Y82: Ingresos financieros | AD82: =-ROUND(SUMIF('HW NIIF'!A:D,Y82,'HW NIIF'!C:C),0) -> 1983886
A83: Diferencia en cambio, neta - | F83: -2074723 | I83: Diferencia en cambio, neta - | N83: 23408605 | Q83: Diferencia en cambio, neta - | V83: =-ROUND(SUMIF('HW NIIF'!A:D,Q83,'HW NIIF'!D:D),0) -> 47363791 | Y83: Diferencia en cambio, neta - | AD83: =-ROUND(SUMIF('HW NIIF'!A:D,Y83,'HW NIIF'!C:C),0)+1 -> -24307363
A85: Utilidad (pérdida) antes de impuesto sobre la renta | F85: =SUM(F77:F83) -> 300682617 | I85: Utilidad (pérdida) antes de impuesto sobre la renta | N85: =SUM(N77:N83) -> 907290353 | Q85: Utilidad (pérdida) antes de impuesto sobre la renta | V85: =SUM(V77:V83) -> 1169575014 | Y85: Utilidad (pérdida) antes de impuesto sobre la renta | AD85: =SUM(AD77:AD83) -> 1894064907
A87: Gasto por impuesto sobre la renta | F87: -117266221 | I87: Gasto por impuesto sobre la renta | N87: -181725000 | Q87: Gasto por impuesto sobre la renta | V87: =-ROUND(SUMIF('HW NIIF'!A:D,Q87,'HW NIIF'!D:D),0) -> -487132000 | Y87: Gasto por impuesto sobre la renta | AD87: =-ROUND(SUMIF('HW NIIF'!A:D,Y87,'HW NIIF'!C:C),0) -> -763398000
A89: Utilidad (pérdida) neta del periodo | F89: =SUM(F85:F87) -> 183416396 | I89: Utilidad (pérdida) neta del periodo | N89: =SUM(N85:N87) -> 725565353 | Q89: Utilidad (pérdida) neta del periodo | V89: =SUM(V85:V87) -> 682443014 | Y89: Utilidad (pérdida) neta del periodo | AD89: =SUM(AD85:AD87) -> 1130666907
E91: Diferencia | F91: 0.44 | M91: Diferencia | N91: =N89-(N54-F54+N53-F53) -> 0 | U91: Diferencia | V91: =V89-(V54-N54+V53-N53) -> 0 | AC91: Diferencia | AD91: =AD89-(AD54-V54+AD53-V53) -> 1500000000 | AE91: Distribución de utilidades en especie
Q94: EJEMPLO SAS
Q95: ESTADO DE CAMBIOS EN EL PATRIMONIO
Q96: (Cifras en pesos colombianos - COP)
R98: Capital suscrito y pagado | S98: Reservas | T98: Resultados acumulados | U98: Total
P100: Saldo al 1 de enero de 2020 | R100: =F52 -> 600000000 | S100: =F53 -> 169378297 | T100: =117266221+165074757+1090645037 -> 1372986015 | U100: =SUM(R100:T100) -> 2142364312
Q101: - Ajustes por corrección de errores | T101: -620469226 | U101: =SUM(R101:T101) -> -620469226
P102: Saldo al 1 de enero de 2020 (Ajustado) | R102: =F52 -> 600000000 | S102: =F53 -> 169378297 | T102: =SUM(T100:T101) -> 752516789 | U102: =SUM(R102:T102) -> 1521895086 | V102: =U102-F56 -> 0
Q103: - Apropiación de reservas | S103: =S105-S100 -> 35805032 | T103: =-S103 -> -35805032 | U103: =SUM(R103:T103) -> 0
Q104: - Resultados del período | T104: =N89 -> 725565353 | U104: =SUM(R104:T104) -> 725565353 | V104: =T104-N89 -> 0
P105: Saldo al 31 de diciembre de 2020 (Re-expr) | R105: =N52 -> 600000000 | S105: =N53 -> 205183329 | T105: =SUM(N54:N54) -> 1442277110 | U105: =SUM(R105:T105) -> 2247460439 | V105: =U105-N56 -> 0
Q106: - Apropiación de reservas | S106: =S108-S105 -> 68244301 | T106: =-S106 -> -68244301 | U106: =SUM(R106:T106) -> 0
Q107: - Resultados del período | T107: =V89 -> 682443014 | U107: =SUM(R107:T107) -> 682443014 | V107: =T107-V89 -> 0
P108: Saldo al 31 de diciembre de 2021 | R108: =V52 -> 600000000 | S108: =V53 -> 273427630 | T108: =V54 -> 2056475823 | U108: =SUM(R108:T108) -> 2929903453 | V108: =U108-V56 -> 0
Q109: - Apropiación de reservas | S109: =S112-S108 -> 0 | T109: =-S109 -> 0 | U109: =SUM(R109:T109) -> 0
Q110: - Dividendos en acciones | R110: =-T110 -> 1500000000 | T110: =T112-T111-T109-T108 -> -1500000000 | U110: =SUM(R110:T110) -> 0
Q111: - Resultados del período | T111: =AD89 -> 1130666907 | U111: =SUM(R111:T111) -> 1130666907 | V111: =T111-AD89 -> 0
P112: Saldo al 31 de diciembre de 2022 | R112: =AD52 -> 2100000000 | S112: =AD53 -> 273427630 | T112: =AD54 -> 1687142730 | U112: =SUM(R112:T112) -> 4060570360 | V112: =U112-AD56 -> 0
R114: =R102+R103+R104-R105 -> 0 | S114: =S102+S103+S104-S105 -> 0 | T114: =T102+T103+T104-T105 -> 0 | U114: =U102+U103+U104-U105 -> 0
R115: =R105+R106+R107-R108 -> 0 | S115: =S105+S106+S107-S108 -> 0 | T115: =T105+T106+T107-T108 -> 0 | U115: =U105+U106+U107-U108 -> 0
R116: =R108+R109+R110+R111-R112 -> 0 | S116: =S108+S109+S110+S111-S112 -> 0 | T116: =T108+T109+T110+T111-T112 -> 0 | U116: =U108+U109+U110+U111-U112 -> 0
I119: EJEMPLO SAS | Q119: EJEMPLO SAS | Y119: EJEMPLO SAS
I120: ESTADO DE FLUJO DE EFECTIVO | Q120: ESTADO DE FLUJO DE EFECTIVO | Y120: ESTADO DE FLUJO DE EFECTIVO
I121: AL 31 DE DICIEMBRE DE 2020 | Q121: AL 31 DE DICIEMBRE DE 2021 | Y121: AL 31 DE DICIEMBRE DE 2022
I122: (Cifras en pesos colombianos - COP) | Q122: (Cifras en pesos colombianos - COP) | Y122: (Cifras en pesos colombianos - COP)
H125: Flujos de efectivo procedentes de (utilizados en) actividades de operación | P125: Flujos de efectivo procedentes de (utilizados en) actividades de operación | X125: Flujos de efectivo procedentes de (utilizados en) actividades de operación
I126: Utilidad (pérdida) neta del periodo | N126: =N89 -> 725565353 | Q126: Utilidad (pérdida) neta del periodo | V126: =V89 -> 682443014 | Y126: Utilidad (pérdida) neta del periodo | AD126: =AD89 -> 1130666907
H127: Ajustes para conciliar la ganancia (pérdida) | P127: Ajustes para conciliar la ganancia (pérdida) | X127: Ajustes para conciliar la ganancia (pérdida)
I128: Ajustes por gasto por impuestos a las ganancias diferidos | N128: 0 | Q128: Ajustes por gasto por impuestos a las ganancias diferidos | V128: 0 | Y128: Ajustes por gasto por impuestos a las ganancias diferidos | AD128: 0
I129: Ajustes por costos financieros | N129: 0 | Q129: Ajustes por costos financieros | V129: 0 | Y129: Ajustes por costos financieros | AD129: 0
I130: Ajustes por gastos de depreciación y amortización | N130: =SUM(M131,K131) -> 103590083 | Q130: Ajustes por gastos de depreciación y amortización | V130: =SUM(U131,S131) -> 102708504 | Y130: Ajustes por gastos de depreciación y amortización | AD130: =SUM(AC131,AA131) -> 122607045
J131: Depreciación | K131: 88582915 | L131: Amortización | M131: 15007168 | R131: Depreciación | S131: =ROUND(SUM('2022 HW'!G295,'2022 HW'!G296,'2022 HW'!G297,'2022 HW'!G298,'2022 HW'!G368,'2022 HW'!G369,'2022 HW'!G473,'2022 HW'!G459,'2022 HW'!G460,'2022 HW'!G461),0) -> 87701340 | T131: Amortización | U131: =ROUND(SUM('2022 HW'!G299),0) -> 15007164 | Z131: Depreciación | AA131: =ROUND(SUM('2022 HW'!J295,'2022 HW'!J296,'2022 HW'!J297,'2022 HW'!J298,'2022 HW'!J368,'2022 HW'!J369,'2022 HW'!J473,'2022 HW'!J459,'2022 HW'!J460,'2022 HW'!J461),0) -> 107599881 | AB131: Amortización | AC131: =ROUND(SUM('2022 HW'!J299),0) -> 15007164
I132: Ajustes por deterioro de valor (reversiones de pérdidas por deterioro de valor) reconocidas en el resultado del periodo | N132: =SUM(M142,K142) -> 0 | Q132: Ajustes por deterioro de valor (reversiones de pérdidas por deterioro de valor) reconocidas en el resultado del periodo | V132: 0 | Y132: Ajustes por deterioro de valor (reversiones de pérdidas por deterioro de valor) reconocidas en el resultado del periodo | AD132: 0
I133: Ajustes por provisiones | N133: 0 | Q133: Ajustes por provisiones | V133: 0 | Y133: Ajustes por provisiones | AD133: 0
I134: Ajustes por pérdidas (ganancias) de moneda extranjera no realizadas | N134: 0 | Q134: Ajustes por pérdidas (ganancias) de moneda extranjera no realizadas | V134: 0 | Y134: Ajustes por pérdidas (ganancias) de moneda extranjera no realizadas | AD134: 0
I135: Ajustes por pagos basados en acciones | N135: 0 | Q135: Ajustes por pagos basados en acciones | V135: 0 | Y135: Ajustes por pagos basados en acciones | AD135: 0
I136: Ajustes por pérdidas (ganancias) del valor razonable | N136: 0 | Q136: Ajustes por pérdidas (ganancias) del valor razonable | V136: 0 | Y136: Ajustes por pérdidas (ganancias) del valor razonable | AD136: 0
I137: Ajustes por ganancias no distribuidas de asociadas | N137: 0 | Q137: Ajustes por ganancias no distribuidas de asociadas | V137: 0 | Y137: Ajustes por ganancias no distribuidas de asociadas | AD137: 0
I138: Otros ajustes por partidas distintas al efectivo | N138: 0 | Q138: Otros ajustes por partidas distintas al efectivo | V138: 0 | Y138: Otros ajustes por partidas distintas al efectivo | AD138: 0
I139: Ajustes por pérdidas (ganancias) por la disposición de activos no corrientes | N139: 0 | Q139: Ajustes por pérdidas (ganancias) por la disposición de activos no corrientes | V139: 0 | Y139: Ajustes por pérdidas (ganancias) por la disposición de activos no corrientes | AD139: 0
I140: Otros ajustes para los que los efectos sobre el efectivo son flujos de efectivo de inversión o financiación | N140: 0 | Q140: Otros ajustes para los que los efectos sobre el efectivo son flujos de efectivo de inversión o financiación | V140: 0 | Y140: Otros ajustes para los que los efectos sobre el efectivo son flujos de efectivo de inversión o financiación | AD140: 0
I141: Otros ajustes para conciliar la ganancia (pérdida) | N141: 0 | Q141: Otros ajustes para conciliar la ganancia (pérdida) | V141: =SUM(U142,S142) -> 466356069 | Y141: Otros ajustes para conciliar la ganancia (pérdida) | AD141: =SUM(AC142,AA142) -> 0
J142: Cartera | K142: 0 | L142: Inventario | M142: 0 | R142: Cartera | S142: =ROUND(SUM('2022 HW'!G398),0) -> 98347669 | T142: Inventario | U142: =ROUND(SUM('2022 HW'!G399),0) -> 368008400 | Z142: Cartera | AA142: =ROUND(SUM('2022 HW'!J398),0) -> 0 | AB142: Inventario | AC142: =ROUND(SUM('2022 HW'!J399),0) -> 0
H143: Ajustes en el capital de trabajo | P143: Ajustes en el capital de trabajo | X143: Ajustes en el capital de trabajo
...

Sheet Hoja1
A1: (en miles de pesos)
A2: SECCIÓN 17 | B2: PROPIEDADES, PLANTA Y EQUIPO | F2: SECCIÓN 29 | G2: IMPUESTO A LAS GANANCIAS
A4: Adquisición de un terreno: | C4: 1000000 | F4: Valor contable | G4: =C23 -> 1345000 | I4: Valor fiscal | J4: =C4 -> 1000000
A5: [Enero de 2023]
G6: Diferencia: | H6: =G4-J4 -> 345000
A7: Política de medición posterior: | C7: Modelo de revaluación | G7: Tipo: | H7: Temporaria
A8: Avalúo técnico: | C8: 1345000 | G8: Naturaleza: | H8: Imponible
A9: [Diciembre de 2023]
G10: Tarifa: | H10: 0.15 | I10: Ganancia ocasional
A11: DB - ESF - Terreno | C11: =C4 -> 1000000
A12: CR - ESF - Cuenta por pagar | C12: =-C11 -> -1000000 | G12: Impuesto de renta diferido | I12: =H6*H10 -> 51750
A14: DB - ESF - Terreno | C14: =C8-C11 -> 345000 | G14: DB - ESF - Superávit de revaluación, imp | J14: =I12 -> 51750
A15: CR - ESF - Superávit de revaluación | C15: (Restringido) | G15: CR - ESF - Pasivo por impuesto diferido | J15: =-J14 -> -51750
A16: [Patrimonio] | C16: =-C14 -> -345000
A18: Estado de situación financiera | E18: Estado de resultados integrales
A19: Diciembre de 2023
E20: Ingresos de actividades ordinarias
A21: Activos | E21: - Costo de ventas
A22: Activos no corientes | E22: - Gastos de adm y ventas
A23: Terreno | C23: =C11+C14 -> 1345000 | E23: = Utilidad antes de impuestos
E24: - Ingreso o pérdida por impuestos
A25: Pasivos | E25: = Resultado de ejercicio
A26: Pasivos corrientes
A27: Cuentas por pagar | C27: =C12 -> -1000000 | E27: Otro resultado integral
E28: Superávit de revaluación | G28: =C16 -> -345000
A29: Pasivos no corrientes | E29: Impuesto de renta diferido | G29: =J14 -> 51750
A30: Impuesto de renta diferido | C30: =J15 -> -51750 | E30: Otro resultado integral total | G30: =SUM(G28:G29) -> -293250
A32: Patrimonio | E32: = Resultado integral de ejercicio
A33: Capital social
A34: Reservas
A35: Ganancias acumuladas
A36: Otro resultado integral | C36: =C16+J14 -> -293250
A38: Venta del terreno: | C38: 1800000
A39: [Junio de 2024]
A41: DB - ESF - Efectivo / CXC | C41: =C38 -> 1800000 | E41: DB - ESF - Superávit de revaluación
A42: CR - ESF - Terreno | C42: =-C23 -> -1345000 | E42: [Patrimonio] | H42: =-C16 -> 345000
A43: CR - ER - Ganancia en venta de PPE | C43: =-SUM(C41:C42) -> -455000 | E43: CR - ESF - Ganancias acumuladas
E44: [Patrimonio] | H44: =-H42 -> -345000
E46: DB - ESF - Pasivo por impuesto diferido | H46: =J14 -> 51750
E47: CR - ESF - Superávit de revaluación, imp | H47: =-H46 -> -51750
